 Dungeon Crawl Stone Soup version 0.31-a0-187-gba352fbbf7 (webtiles) character file.

Game seed: 8064919174938315628

119 qw the Skirmisher (level 4, -1/25 HPs)
             Began as a Deep Elf Hunter on June 22, 2023.
             Slain by Sigmund
             ... wielding a +0 scythe
              (5 damage)
             ... on level 3 of the Dungeon.
             The game lasted 00:00:42 (1933 turns).

qw the Skirmisher (Deep Elf Hunter)                 Turns: 1933, Time: 00:00:43

Health: -1/25      AC:  6    Str: 10    XL:     4   Next: 73%
Magic:  6/6        EV: 11    Int: 14    God:
Gold:   31         SH:  0    Dex: 18    Spells: 3/3 levels left

rFire   . . .        Y - +0 shortbow
rCold   . . .        (shield currently unavailable)
rNeg    . . .        a - +0 ring mail
rPois   .            (no helmet)
rElec   .            (no cloak)
rCorr   .            e - +0 pair of gloves
SInv    .            (no boots)
Will    .....        g - amulet of regeneration
Stlth   +            (no ring)
HPRegen 1.04/turn    (no ring)
MPRegen 0.10/turn

%: no passive effects
@: no status effects
A: no striking features
a: no special abilities


You were on level 3 of the Dungeon.
You visited 1 branch of the dungeon, and saw 3 of its levels.

You collected 31 gold pieces.


   Skills:
 - Level 1.5 Fighting
 + Level 8.1 Ranged Weapons
 - Level 2.4 Dodging
 - Level 1.2 Stealth


You had 3 spell levels left.
You didn't know any spells.
Your spell library was empty.

Inventory:

Hand Weapons
 Y - a +0 shortbow (weapon)
Armour
 a - a +0 ring mail (worn)
 c - a +0 pair of boots
 e - a +0 pair of gloves (worn)
Jewellery
 g - an amulet of regeneration (around neck)
Scrolls
 b - 2 scrolls of identify {unknown}
Potions
 d - a potion of enlightenment
 f - a potion of heal wounds {unknown}

Dungeon Overview and Level Annotations

Branches:
Dungeon (3/15)

Altars:

Annotations:
D:2 1 runed translucent door, Crazy Yiuf
D:3 Sigmund


Message History

Sigmund is heavily wounded.
Sigmund gestures at you while chanting. The puff of flame hits you.
You shoot an arrow. The arrow hits Sigmund.
Sigmund is heavily wounded.
Sigmund hits you from afar with a +0 scythe.
You shoot an arrow.
The arrow hits Sigmund but does no damage.
Sigmund is heavily wounded.
Sigmund barely misses you.
Sigmund gestures wildly while chanting.
Sigmund flickers and vanishes!
Deactivating autopickup; reactivate with Ctrl-A.
You shoot an arrow. Something hits you!
You shoot an arrow.
You hear some strange, mumbled words.
Something tries to affect you, but you resist.
You shoot an arrow. The arrow hits the bat.
You kill the bat!
You hear some strange, mumbled words.
You are confused.
You hear some strange, mumbled words.
Something tries to affect you, but you resist.
You shoot an arrow.
You hear some strange, mumbled words.
A puff of flame appears from out of thin air!
The puff of flame misses you. Something hits you but does no damage.
You shoot an arrow. Something hits you but does no damage.
You shoot an arrow. Something hits you.
You shoot an arrow. Something hits you but does no damage.
You shoot an arrow. Something hits you.
You shoot an arrow.
You feel less confused. Something hits you.
You die...

.......##.#......#
........#.#.#....###..
.....................
.................##
######.....##.....#
####....####.#.....#
........###..#.##..#..
####....##..##..#.....
##....#.###@....##
#................#
#.........#####{#.#.#
.........## %# ..
.........# .# ...
.........# .. ..
......#### #. . ......
..


There were no monsters in sight!

Vanquished Creatures
  An orc wizard (D:3)
  Natasha (D:3)
  2 adders (D:2)
  2 dart slugs (D:2)
  4 orcs
  3 endoplasms
  2 giant cockroaches
  3 goblins
  4 hobgoblins
  4 jackals (D:2)
  2 quokkas (D:2)
  4 ball pythons
  6 bats
  4 frilled lizards
  A kobold (D:1)
  3 rats
46 creatures vanquished.

Notes
Turn   | Place    | Note
-------+----------+-------------------------------------------
     0 | D:1      | qw the Deep Elf Hunter began the quest for the Orb.
     0 | D:1      | Reached XP level 1. HP: 12/12 MP: 3/3
     0 | D:1      | 0 ||| qw: Version: 0.3-a-9-g12657ce
     0 | D:1      | 0 ||| qw: Game counter: 2722
     0 | D:1      | 0 ||| qw: Always use a shield: true
     0 | D:1      | 0 ||| qw: God list: Okawaru
     0 | D:1      | 0 ||| qw: Allow faded altars: false
     0 | D:1      | 0 ||| qw: Do Orc after D:15 true
     0 | D:1      | 0 ||| qw: Do second Lair branch before Depths: true
     0 | D:1      | 0 ||| qw: Lair rune preference: random
     0 | D:1      | 0 ||| qw: Plans: Normal
     0 | D:1      | 0 ||| PLANNING D:1-11
   207 | D:1      | Reached XP level 2. HP: 16/16 MP: 4/4
   221 | D:1      | Reached skill level 6 in Ranged Weapons
   636 | D:1      | 636 ||| UPGRADING to +0 pair of gloves.
   641 | D:1      | 641 ||| UPGRADING to amulet of regeneration.
   646 | D:1      | 646 ||| READING scroll labelled RIPLOU VYQARIE.
   647 | D:1      | 647 ||| DRINKING 2 golden potions.
   648 | D:1      | 648 ||| DROPPING scroll of butterflies.
   736 | D:2      | Reached XP level 3. HP: 20/20 MP: 5/5
   811 | D:2      | Reached skill level 7 in Ranged Weapons
  1442 | D:2      | Found a runed translucent door.
  1443 | D:2      | Noticed Crazy Yiuf
  1623 | D:2      | 1623 ||| UPGRADING to +0 ring mail.
  1633 | D:2      | 1633 ||| DROPPING +0 leather armour.
  1634 | D:2      | 1634 ||| READING scroll labelled ESIUROBBES.
  1635 | D:2      | 1635 ||| READING scroll labelled FERRIRPHASE.
  1636 | D:2      | 1636 ||| READING scroll labelled AGGOMU ITACH.
  1672 | D:3      | Noticed Natasha
  1677 | D:3      | 1677 ||| STAIRDANCE
  1788 | D:3      | Reached XP level 4. HP: 25/25 MP: 6/6
  1791 | D:3      | Killed Natasha
  1792 | D:3      | Reached skill level 8 in Ranged Weapons
  1794 | D:3      | 1794 ||| STAIRDANCE
  1914 | D:3      | Noticed Sigmund
  1925 | D:3      | HP: 5/25 [something (8)]
  1930 | D:3      | HP: 5/25 [something (6)]
  1932 | D:3      | HP: 2/25 [something (5)]
  1933 | D:3      | Slain by Sigmund

Levels and vault maps discovered:
D:1:      minmay_arrival_four_houses, layout_loops_cross,
          minmay_misc_feat_secret_circle
D:2:      minmay_evil_eye, layout_loops_corners, uniq_crazy_yiuf_cottage
D:3:      layout_rooms, mainiacjoe_overflow_alcove_4, uniq_sigmund, uniq_natasha

Skill      XL: |  1  2  3  4 |
---------------+-------------+-----
Ranged Weapons | 6 7 8 |  8.1
Fighting       | |  1.5
Dodging        | |  2.4
Stealth        | |  1.2

Action                     |  1- 3 |  4- 6 || total
---------------------------+-------+-------++-------
   Fire: Shortbow          |   124 |    33 ||   157
    Use: Scroll            |     4 |       ||     4
         Potion            |     1 |       ||     1
 Armour: Leather armour    |    11 |       ||    11
         Skin              |    46 |    18 ||    64
         Ring mail         |       |     8 ||     8
  Dodge: Dodged            |    40 |     9 ||    49

Table legend:
 A = Non-vault XP
 B = Vault XP
 C = Vault XP percentage of total XP
 D = Non-vault monster count
 E = Vault monster count
 F = Vault count percentage of total count
                 A         B        C        D         E       F
            +---------+---------+-------+---------+---------+-------
      Total |     124 |      46 |  27.1 |      43 |       3 |   6.5
            +---------+---------+-------+---------+---------+-------
        D:1 |      21 |       0 |   0.0 |      15 |       0 |   0.0
        D:2 |      62 |      14 |  18.4 |      24 |       2 |   7.7
        D:3 |      41 |      32 |  43.8 |       4 |       1 |  20.0
            +---------+---------+-------+---------+---------+-------
